 Dungeon Crawl Stone Soup version 0.21.1-1-g345015fe64 (webtiles) character file.

1373 Gargoyl the Chopper (level 8, -17/68 HPs)
             Began as a Centaur Abyssal Knight on June 7, 2018.
             Was a Priest of Lugonu.
             Demolished by an ogre
             ... wielding a cursed -2 giant club
              (18 damage)
             ... on level 6 of the Dungeon.
             The game lasted 00:12:03 (7160 turns).

Gargoyl the Chopper (Centaur Abyssal Knight)        Turns: 7160, Time: 00:12:04

Health: -17/68     AC: 11    Str: 20    XL:     8   Next: 39%
Magic:  12/12      EV:  4    Int: 13    God:    Lugonu [***...]
Gold:   232        SH:  3    Dex: 13    Spells: 7/7 levels left

rFire    . . .     SeeInvis .   e - +4 broad axe
rCold    . . .     Gourm    .   (no shield)
rNeg     . . .     Faith    .   d - +0 plate armour
rPois    .         Spirit   .   (no helmet)
rElec    .         Reflect  +   (no cloak)
rCorr    .         Harm     .   k - +0 pair of gloves
MR       .....                  (no barding)
Stlth    ..........             g - +3 amulet of reflection
HPRegen  0.21/turn              m - ring of flight
MPRegen  0.13/turn              (no ring)

@: mighty, lethally poisoned (-17 -> -17), very quick
A: large, hooves 3, agile 1, blink, clever 1, deformed body, speed 2, high mp 1,
tough skin 3
a: Blink, Depart the Abyss, Bend Space, Banish, Renounce Religion, Evoke Flight


You were on level 6 of the Dungeon.
You worshipped Lugonu.
Lugonu was most pleased with you.
You were not hungry.

You visited 1 branch of the dungeon, and saw 6 of its levels.
You visited the Abyss 1 time.

You collected 408 gold pieces.
You spent 176 gold pieces at shops.

Inventory:

Hand Weapons
 a - a +1 hand axe
 e - a +4 broad axe (weapon)
Missiles
 n - 4 tomahawks (quivered)
Armour
 d - a +0 plate armour (worn)
 k - a +0 pair of gloves (worn)
Jewellery
 g - a +3 amulet of reflection (around neck)
 m - a ring of flight (left hand)
Wands
 i - a wand of clouds (7)
 j - a wand of polymorph (6)
Scrolls
 b - 2 scrolls of teleportation
 f - 6 scrolls of identify
 h - 3 scrolls of remove curse
 l - a scroll of enchant weapon
 o - a scroll of fog
Comestibles
 c - 2 rations


   Skills:
 + Level 5.0 Fighting
 + Level 5.8 Axes
 * Level 4.6 Armour
 + Level 0.8 Dodging
 * Level 4.8 Invocations


You had 7 spell levels left.
You didn't know any spells.

Dungeon Overview and Level Annotations

Branches:
Dungeon (6/15)
 Temple: D:4-7

Altars:
Gozag

Shops:
D:5 (:(*=

Annotations:
D:4 Ashiichan's ghost, amateur OgFE


Innate Abilities, Weirdness & Mutations

You have hooves in place of feet.
Armour fits poorly on your strangely shaped body.
You cover ground very quickly.
You have extremely tough skin. (AC +3)
You are agile. (Dex +2)
You can translocate small distances at will.
Your mind is acute. (Int +2)
You have an increased reservoir of magic. (+10% MP)


Message History

You feel sick. The orc warrior hits you with a glaive.
The orc warrior hits you from afar with a glaive!!
* * * LOW HITPOINT WARNING * * *
* * * LOW HITPOINT WARNING * * *
You feel sick.
Okay, then.
* * * LOW HITPOINT WARNING * * *
You feel sick.
It was a potion of might.
You feel very mighty all of a sudden.
* * * LOW HITPOINT WARNING * * *
You feel sick.
* * * LOW HITPOINT WARNING * * *
You feel sick.
An ogre comes into view. It is wielding a giant club.
* * * LOW HITPOINT WARNING * * *
You feel sick.
The ogre shouts!
The ogre hits you with a giant club!!
You die... ...........###########.####..#.## ............. #........o.....o.. #.######.#.#.# #.#####..####.#.## .............# #.# ..........#[# #.######..#..# #.#.###..######o# #.#### #..#..###.#.###..# #o# ....... ................ oo.

#.#####
.##.###.#........ ...
[.######..##.
#@########. .....
..........##.# #.O......
.....
#######...##..##.#######
......
#....##...##..#<........
#....##...##......######
#....##...##.#....#
.......
#....##...##......#
.......
#....##....###....#
....... '....##..#.#
##...# .......


You could see an ogre.

Vanquished Creatures
  Eustachio (D:4)
  Menkaure (D:4)
  4 phantoms
  A bullfrog (D:6)
  2 scorpions (D:4)
  A howler monkey (D:4)
  A crimson imp (D:5)
  A bullfrog skeleton (D:4)
  3 worker ants
  A hound skeleton (D:4)
  A howler monkey skeleton (D:6)
  8 adders
  A shadow imp (D:5)
  2 oozes
  An adder zombie (D:6)
  An adder skeleton (D:4)
  2 worms (D:3)
  3 dart slugs
  2 leopard geckos
  8 orcs
  A ball python (D:6)
  9 giant cockroaches
  4 goblins
  9 hobgoblins
  14 jackals
  5 bats
  11 frilled lizards
  7 kobolds
  A leopard gecko zombie (D:6)
  3 rats
109 creatures vanquished.

Vanquished Creatures (others)
  The ghost of Ashiichan the Ogre Mage, a novice OgFE of Makhleb (D:6)
1 creature vanquished.

Grand Total: 110 creatures vanquished

Notes
Turn   | Place    | Note
-------+----------+-------------------------------------------
     0 | Abyss:1  | Gargoyl the Centaur Abyssal Knight began the quest for the Orb.
     0 | Abyss:1  | Reached XP level 1. HP: 19/19 MP: 2/2
   151 | Abyss:1  | Noticed a chaos spawn
   167 | Abyss:1  | Found a corrupted altar of Lugonu.
   224 | Abyss:2  | Noticed a small abomination
   236 | Abyss:2  | Found a bloodstained altar of Trog.
   238 | Abyss:2  | Noticed a worldbinder
   239 | Abyss:2  | Noticed an insubstantial wisp
   239 | Abyss:2  | Noticed a vampire mosquito
   240 | Abyss:2  | Noticed a vampire mosquito
   242 | Abyss:2  | Noticed an anaconda skeleton
   246 | Abyss:2  | Noticed a small abomination
   248 | D:1      | Escaped the Abyss
   601 | D:1      | Reached * piety under Lugonu
   601 | D:1      | Reached XP level 2. HP: 26/26 MP: 3/3
  1003 | D:1      | Reached XP level 3. HP: 6/33 MP: 4/4
  2469 | D:2      | You fall through a shaft!
  2480 | D:3      | Reached ** piety under Lugonu
  2537 | D:3      | Reached XP level 4. HP: 39/40 MP: 5/5
  2986 | D:3      | Found an opulent altar of Gozag.
  3351 | D:4      | Noticed a phantom
  3392 | D:4      | Killed a phantom
  3392 | D:4      | Reached XP level 5. HP: 21/46 MP: 5/7
  3728 | D:4      | Noticed Menkaure
  3729 | D:4      | Noticed a phantom
  3733 | D:4      | HP: 2/46 [Menkaure (16)]
  3737 | D:4      | Gained mutation: You are somewhat resistant to further mutation. [potion of mutation]
  3743 | D:4      | Killed Menkaure
  3743 | D:4      | Reached XP level 6. HP: 15/52 MP: 8/8
  3752 | D:3      | Lost mutation: You are somewhat resistant to further mutation. [potion of mutation]
  3752 | D:3      | Gained mutation: Your body sometimes deteriorates upon taking damage. [potion of mutation]
  3752 | D:3      | Gained mutation: You possess an exceptional clarity of mind. [potion of mutation]
  4188 | D:4      | Reached XP level 7. HP: 50/60 MP: 9/9
  4354 | D:4      | Noticed Eustachio
  4907 | D:4      | Killed Eustachio
  5172 | D:4      | Noticed Ashiichan's ghost (amateur OgFE)
  5436 | D:5      | Entered Level 5 of the Dungeon
  5567 | D:5      | Found Qaliumm's Book Shoppe.
  5587 | D:5      | Reached *** piety under Lugonu
  5644 | D:5      | Reached skill level 5 in Axes
  5755 | D:5      | Found Epeusuch's Assorted Antiques.
  5763 | D:5      | Bought a potion of mutation for 176 gold pieces
  5763 | D:5      | Lost mutation: You possess an exceptional clarity of mind. [potion of mutation]
  5763 | D:5      | Lost mutation: Your body sometimes deteriorates upon taking damage. [potion of mutation]
  5763 | D:5      | Gained mutation: You can translocate small distances at will. [potion of mutation]
  5763 | D:5      | Gained mutation: Your mind is acute. (Int +2) [potion of mutation]
  5763 | D:5      | Gained mutation: You have an increased reservoir of magic. (+10% MP) [potion of mutation]
  5763 | D:5      | Gained mutation: You are agile. (Dex +2) [potion of mutation]
  5806 | D:5      | Found Oghysch's Weapon Boutique.
  5925 | D:5      | Reached XP level 8. HP: 67/67 MP: 12/12
  5932 | D:5      | You fall through a shaft!
  6152 | D:5      | Found Akiorgh's Antique Weapon Shop.
  6225 | D:5      | Found Nyonatux's Jewellery Shop.
  6450 | D:6      | Noticed Ashiichan's ghost (novice OgFE)
  6473 | D:6      | Banished Ashiichan's ghost
  7111 | D:6      | Reached skill level 5 in Fighting
  7139 | D:6      | HP: 3/68 [orc warrior/glaive (19)]
  7144 | D:6      | HP: 2/68 [poisoned by a worker ant]
  7154 | D:6      | HP: 1/68 [poisoned by a worker ant]
  7159 | D:6      | HP: 1/68 [poisoned by a worker ant]
  7160 | D:6      | Demolished by an ogre

Skill      XL: |  1  2  3  4  5  6  7  8 |
---------------+-------------------------+-----
Axes           | 2 3 4 5 |  5.8
Armour         | 2 3 4 |  4.6
Fighting       | 4 5 |  5.0
Invocations    | 3 4 |  4.8
Dodging        | |  0.8

Action                   |  1- 3 |  4- 6 |  7- 9 || total
-------------------------+-------+-------+-------++-------
Melee: Broad axe         |   164 |   102 |   157 ||   423
       Kick              |    17 |    19 |    30 ||    66
       Unarmed           |       |       |     6 ||     6
Invok: Depart the Abyss  |     1 |       |       ||     1
       Banish            |       |       |     3 ||     3
  Use: Scroll            |    11 |     2 |     1 ||    14
       Potion            |     1 |     7 |     4 ||    12
  Eat: Chunk             |     4 |     4 |     7 ||    15
       Ration            |       |       |     1 ||     1
Armor: Plate armour      |   253 |    85 |   150 ||   488
       Skin              |       |       |    10 ||    10
Dodge: Dodged            |    21 |    11 |    14 ||    46
Block: Other             |     8 |    10 |    22 ||    40
